 Dungeon Crawl Stone Soup version 0.27-a0-1200-g94dc6ad4cf (webtiles) character file.

Game seed: 7033059903329157386

263 polve the Chopper (level 5, -1/38 HPs)
             Began as a Demonspawn Gladiator on May 30, 2021.
             Killed by nerve-wracking pain
             ... invoked by Grinder
              (10 damage)
             ... on level 4 of the Dungeon.
             The game lasted 00:03:22 (3964 turns).

polve the Chopper (Demonspawn Gladiator)            Turns: 3964, Time: 00:03:23

Health: -1/38      AC:  9    Str: 16    XL:     5   Next: 97%
Magic:  5/5        EV: 11    Int:  9    God:
Gold:   144        SH:  4    Dex: 14    Spells: 4/4 levels left

rFire    . . .     SeeInvis .   g - +0 hand axe (vamp)
rCold    . . .     Faith    .   k - +0 buckler
rNeg     . . .     Spirit   .   j - +0 chain mail
rPois    .         Reflect  .   c - +0 helmet
rElec    .         Harm     .   (no cloak)
rCorr    .         Rampage  .   (no gloves)
Will     .....                  (no boots)
Stlth    ..........             (no amulet)
HPRegen  0.12/turn              e - +4 ring of evasion
MPRegen  0.09/turn              (no ring)

@: no status effects
A: talons 1, ignite blood 1, spiny 2
a: no special abilities


You were on level 4 of the Dungeon.
You visited 1 branch of the dungeon, and saw 4 of its levels.

You collected 144 gold pieces.

Inventory:

Hand Weapons
 a - a +0 war axe
 g - a +0 vampiric hand axe (weapon)
Missiles
 d - 3 throwing nets (quivered)
Armour
 c - a +0 helmet (worn)
 j - a +0 chain mail (worn)
 k - a +0 buckler (worn)
 l - a +0 pair of gloves
Jewellery
 e - a +4 ring of evasion (left hand)
Scrolls
 f - a scroll of acquirement {unknown}
 h - 3 scrolls of identify {unknown}
 i - a scroll of enchant armour {unknown}
 m - a scroll of torment {unknown}
 n - a scroll of teleportation {unknown}
 o - a scroll of holy word {unknown}
Potions
 b - a potion of haste {unknown}


   Skills:
 - Level 2.0 Fighting
 + Level 5.0 Axes
 - Level 1.7 Throwing
 - Level 2.0 Armour
 - Level 2.6 Dodging
 * Level 2.2 Shields


You had 4 spell levels left.
You didn't know any spells.
Your spell library contained the following spells:

 Spells                   Type           Power      Damage    Failure   Level
 Corona                   Hex            0%         N/A       100%        1
 Magic Dart               Conj           0%         1d3       100%        1
 Ensorcelled Hibernation  Hex/Ice        0%         N/A       100%        2
 Searing Ray              Conj           0%         3d3       100%        2
 Confusing Touch          Hex            0%         N/A       100%        3
 Dazzling Flash           Conj/Hex       0%         N/A       100%        3
 Tukima's Dance           Hex            0%         N/A       100%        3
 Fulminant Prism          Conj/Hex       0%         3d6       100%        4
 Iskenderun's Mystic Bla  Conj/Tloc      0%         2d3       100%        4


Dungeon Overview and Level Annotations

Branches:
Dungeon (4/15)
 Temple: D:4-7

Altars:

Annotations:
D:4 Grinder


Innate Abilities, Weirdness & Mutations

You have sharp toenails.
Your demonic aura sometimes causes spilled blood to erupt in flames.
You are mostly covered in sharp spines.


Message History

The orc complains noisily.
You hit the orc but do no damage.
Grinder blinks!
The orc is struck by your spines. The orc hits you but does no damage.
An orc comes into view. It is wielding a +0 dagger.
An orc comes into view. It is wielding a +0 hand axe.
You closely miss the orc.
The orc is moderately wounded.
You hit the orc.
The orc priest mumbles some strange prayers to Beogh against you.
Beogh smites you! The orc is struck by your spines.
You kill the orc!
You block the orc's attack.
The orc priest miscasts a cantrip.
You are too injured to fight recklessly!
You are too injured to fight recklessly!
You are too injured to fight recklessly!
You are too injured to fight recklessly!
You are too injured to fight recklessly!
You are too injured to fight recklessly!
You are too injured to fight recklessly!
You are too injured to fight recklessly!
You are too injured to fight recklessly!
You are too injured to fight recklessly!
You are too injured to fight recklessly!
You are too injured to fight recklessly!
There are monsters nearby!
There are monsters nearby!
You closely miss the orc.
The orc is moderately wounded.
The orc is struck by your spines.
You kill the orc!
The orc priest mumbles some strange prayers to Beogh against you.
Beogh smites you!
* * * LOW HITPOINT WARNING * * *
The orc hits you with a +0 hand axe.
* * * LOW HITPOINT WARNING * * *
Grinder says, "Tell me all your secrets, or I'll kill you."
Grinder gestures at you. Pain shoots through your body!
You die...

...##.##.#..
##...######### ###
.##.#####.
###.........## #.#
#.############.)#### #.#
##.... ######..))† ..
#....# ...####### #....#
#..# # # #....# #.####
..##....#########....#
.......@.........###.###
#.##....########.......#
#...o.# ######...
..#..5..####### ##..
#........)...... .######
##...###o###.... .......
#.#. #.# .. .######
..... .o. .... ....


You could see Grinder, an orc priest and 2 orcs.

Vanquished Creatures
  A hound (D:4)
  An orc priest (D:4)
  Terence (D:1)
  8 gnolls
  An adder (D:3)
  2 worms
  5 orcs (D:4)
  2 ball pythons (D:1)
  3 bats
  6 endoplasms
  A giant cockroach (D:1)
  11 goblins
  5 hobgoblins
  16 jackals
  3 quokkas
  2 frilled lizards
  7 kobolds
  A rat (D:3)
76 creatures vanquished.

Vanquished Creatures (others)
  20 plants (D:2)
20 creatures vanquished.

Grand Total: 96 creatures vanquished

Notes
Turn   | Place    | Note
-------+----------+-------------------------------------------
     0 | D:1      | polve the Demonspawn Gladiator began the quest for the Orb.
     0 | D:1      | Reached XP level 1. HP: 16/16 MP: 1/1
    47 | D:1      | Reached skill level 3 in Axes
    90 | D:1      | Gained mutation: Your demonic aura sometimes causes spilled
                  | blood to erupt in flames. [demonic ancestry]
    90 | D:1      | Reached XP level 2. HP: 13/22 MP: 2/2
   865 | D:1      | Gained mutation: You have sharp toenails. [demonic
                  | ancestry]
   865 | D:1      | Reached XP level 3. HP: 27/27 MP: 3/3
   878 | D:1      | Reached skill level 4 in Axes
  1147 | D:2      | Noticed Terence
  1273 | D:1      | Killed Terence
  1274 | D:1      | Reached skill level 1 in Armour
  1274 | D:1      | Gained mutation: You are partially covered in sharp spines.
                  | [demonic ancestry]
  1274 | D:1      | Reached XP level 4. HP: 8/33 MP: 4/4
  1806 | D:2      | Found a faded altar of an unknown god.
  2767 | D:3      | Gained mutation: You are mostly covered in sharp spines.
                  | [demonic ancestry]
  2767 | D:3      | Reached XP level 5. HP: 26/38 MP: 5/5
  2944 | D:3      | Reached skill level 1 in Shields
  3756 | D:4      | Reached skill level 5 in Axes
  3956 | D:4      | Noticed Grinder
  3964 | D:4      | Killed from afar by Grinder

Illustrated notes

Levels and vault maps discovered:
D:1:      lightli_arrival_boilingwater, layout_basic
D:2:      layout_basic, chequers_ecumenical_altar_simple, serial_bayou_lagoon_a,
          uniq_terence
D:3:      layout_loops_ring, amethyst_killhole, minmay_strange_pillars,
          nrook_mini_backslash, hangedman_decor_riveting,
          minmay_misc_feat_plants, kennysheep_cross_bottleneck
D:4:      layout_rooms, gammafunk_ghost_cemetery, uniq_grinder

Skill      XL: |  1  2  3  4  5 |
---------------+----------------+-----
Axes           | 3 4 5 |  5.0
Armour         | 1 2 |  2.0
Shields        | 2 |  2.2
Fighting       | |  2.0
Throwing       | |  1.7
Dodging        | |  2.6

Action                   |  1- 3 |  4- 6 || total
-------------------------+-------+-------++-------
Melee: Hand axe          |    84 |   128 ||   212
       War axe           |     2 |       ||     2
       Kick              |    12 |    37 ||    49
Armor: Leather armour    |    26 |       ||    26
       Scale mail        |     2 |       ||     2
       Chain mail        |       |    28 ||    28
Dodge: Dodged            |    76 |    41 ||   117
Block: Buckler           |       |    10 ||    10

Table legend: (Time is in decaauts)
 A = Elapsed time spent in this place.
 B = Non-inter-level travel time spent in this place.
 C = Inter-level travel time spent in this place.
 D = Time resting spent in this place.
 E = Time spent auto-exploring this place.
 F = Levels seen in this place.
 G = Mean time per level.
                   A        B        C        D        E       F      G
               +--------+--------+--------+--------+--------+-----+--------+
         Total |   4001 |   3880 |    121 |      0 |   3287 |   4 | 1000.2 |
       Dungeon |   4001 |   3880 |    121 |      0 |   3287 |   4 | 1000.2 |
               +--------+--------+--------+--------+--------+-----+--------+

Top non-repeatable levels by time:
     D:1: 1430 daAuts
     D:2: 1292 daAuts
     D:3: 1016 daAuts
     D:4: 262 daAuts
